 Dungeon Crawl Stone Soup version 0.26.0-10-g1f06aea511 (webtiles) character file.

Game seed: 8326348982274793931

420 Dracia the Ducker (level 6, 0/44 HPs)
             Began as a Demonspawn Gladiator on Jan 23, 2021.
             Slain by a gnoll
             ... wielding a +0 spear
              (6 damage)
             ... on level 3 of the Dungeon.
             The game lasted 00:04:56 (2453 turns).

Dracia the Ducker (Demonspawn Gladiator)            Turns: 2453, Time: 00:04:56

Health: 0/44       AC:  7    Str: 17    XL:     6   Next: 62%
Magic:  6/6        EV: 13    Int:  9    God:
Gold:   137        SH:  0    Dex: 14    Spells: 5/5 levels left

rFire    . . .     SeeInvis .   a - +1 quarterstaff
rCold    . . .     Faith    .   (shield currently unavailable)
rNeg     + . .     Spirit   .   j - +0 ring mail
rPois    .         Reflect  .   c - +0 helmet
rElec    .         Harm     .   (no cloak)
rCorr    .         Rampage  .   (no gloves)
Will     .....     Rnd*Tele +   (no boots)
Stlth    +.........             (no amulet)
HPRegen  0.14/turn              t - ring of teleportation (curse)
MPRegen  0.10/turn              N - ring of positive energy

@: lethally poisoned (0 -> -36)
A: talons 1, foul stench 1, powered by death 2, miasma immunity
a: no special abilities


You were on level 3 of the Dungeon.
You visited 1 branch of the dungeon, and saw 3 of its levels.

You collected 137 gold pieces.


Innate Abilities, Weirdness & Mutations

You have sharp toenails.
You may emit foul miasma when damaged in melee.
You regenerate health from kills.
You are immune to miasma.


   Skills:
 - Level 2.0 Fighting
 - Level 2.6 Staves
 - Level 1.7 Throwing
 + Level 4.2 Armour
 + Level 5.2 Dodging


You had 5 spell levels left.
You didn't know any spells.
Your spell library was empty.

Inventory:

Hand Weapons
 a - a +1 quarterstaff (weapon)
Missiles
 d - 3 throwing nets (quivered) {=f=f}
 o - 23 poisoned darts
Armour
 b - a +0 leather armour
 c - a +0 helmet (worn)
 j - a +0 ring mail (worn)
Jewellery
 q - a cursed amulet of inaccuracy
 t - a cursed ring of teleportation (left hand)
 N - a ring of positive energy (right hand)
Scrolls
 e - 2 scrolls of noise {unknown}
 f - a scroll of immolation {unknown}
 g - 4 scrolls of identify {@r1@r1}
 n - a scroll of blinking
Potions
 h - a potion of degeneration
 i - a potion of attraction
 k - a potion of magic
 l - a potion of flight {unknown}
 p - a potion of curing {@q1@q1}

Dungeon Overview and Level Annotations

Branches:
Dungeon (3/15)

Altars:
Okawaru
Trog
The Shining One

#.......#......#
#........).....#
#.......##))...#
#.......###†####
####.......###[####
#.....(.)......(...
#...>..........)...
#....############)#
#.@g.# #.. #.)g.#
### #....# #....#
#....# #....#
#....# #....#
######


You could see 2 gnolls.


Message History

The gnoll hits you from afar with a +1 spear of venom.
You are more poisoned.
The gnoll barely misses you.
You feel sick. The gnoll barely misses you.
You feel sick.
The gnoll hits you from afar with a +0 spear.
* * * LOW HITPOINT WARNING * * *
You are too injured to fight recklessly!
You are too injured to fight recklessly!
Unknown command.
You feel sick. The gnoll hits you but does no damage.
You are lethally poisoned!
The gnoll hits you but does no damage.
You hit the gnoll. Your kick misses the gnoll.
The gnoll is moderately wounded.
* * * LOW HITPOINT WARNING * * *
You feel sick. The gnoll barely misses you. The gnoll hits you with a +0 spear.
* * * LOW HITPOINT WARNING * * *
Unknown command.
Okay, then.
Unknown command.
You barely miss the gnoll. You claw the gnoll.
The gnoll is moderately wounded.
* * * LOW HITPOINT WARNING * * *
You feel sick.
The gnoll hits you with a +1 spear of venom.
* * * LOW HITPOINT WARNING * * *
You are more poisoned.
You emit a cloud of foul miasma!
The gnoll hits you with a +0 spear.
You die...

Skill      XL: |  1  2  3  4  5  6 |
---------------+-------------------+-----
Dodging        | 3 4 5 |  5.2
Armour         | 1 3 4 |  4.2
Fighting       | |  2.0
Staves         | |  2.6
Throwing       | |  1.7

Action                   |  1- 3 |  4- 6 || total
-------------------------+-------+-------++-------
Melee: Quarterstaff      |   107 |   143 ||   250
       Kick              |       |    37 ||    37
  Use: Potion            |     2 |       ||     2
       Scroll            |       |     8 ||     8
 Stab: Sleeping          |     1 |       ||     1
Armor: Leather armour    |    21 |       ||    21
       Ring mail         |     7 |    45 ||    52
Dodge: Dodged            |   101 |   100 ||   201

Levels and vault maps discovered:
D:1:      dpeg_arrival_round_c, layout_rooms
D:2:      layout_rooms, lemuel_doored_altar, bloody_trog, uniq_robin,
          uniq_sigmund
D:3:      layout_basic, overflow_temple_1_default, kennysheep_pointless_box

Notes
Turn   | Place    | Note
-------+----------+-------------------------------------------
     0 | D:1      | Dracia the Demonspawn Gladiator began the quest for the
                  | Orb.
     0 | D:1      | Reached XP level 1. HP: 16/16 MP: 1/1
   298 | D:1      | Reached skill level 3 in Dodging
   433 | D:1      | Reached skill level 1 in Armour
   433 | D:1      | Gained mutation: You regenerate a little health from kills.
                  | [demonic ancestry]
   433 | D:1      | Reached XP level 2. HP: 22/22 MP: 2/2
   747 | D:2      | Noticed Robin
   773 | D:2      | Killed Robin
   774 | D:2      | Gained mutation: You are immune to miasma. [demonic
                  | ancestry]
   774 | D:2      | Reached XP level 3. HP: 27/27 MP: 3/3
   999 | D:2      | Reached skill level 2 in Armour
  1050 | D:2      | Noticed Sigmund
  1094 | D:2      | Killed Sigmund
  1095 | D:2      | Reached skill level 3 in Armour
  1095 | D:2      | Reached skill level 4 in Dodging
  1095 | D:2      | Gained mutation: You have sharp toenails. [demonic
                  | ancestry]
  1095 | D:2      | Reached XP level 4. HP: 16/33 MP: 4/4
  1095 | D:2      | Gained mutation: You may emit foul miasma when damaged in
                  | melee. [demonic ancestry]
  1095 | D:2      | Reached XP level 5. HP: 18/38 MP: 5/5
  1269 | D:2      | Found an iron altar of Okawaru.
  1524 | D:2      | Found a bloodstained altar of Trog.
  1889 | D:3      | Gained mutation: You regenerate health from kills. [demonic
                  | ancestry]
  1889 | D:3      | Reached XP level 6. HP: 44/44 MP: 6/6
  1926 | D:3      | Reached skill level 4 in Armour
  1926 | D:3      | Reached skill level 5 in Dodging
  1999 | D:3      | Found a glowing golden altar of the Shining One.
  2453 | D:3      | Slain by a gnoll

Vanquished Creatures
  Sigmund (D:2)
  3 orc wizards (D:3)
  An orc priest (D:3)
  Robin (D:2)
  A gnoll (D:3)
  3 adders
  2 worms
  3 dart slugs (D:2)
  A leopard gecko (D:1)
  7 orcs (D:3)
  7 bats
  4 giant cockroaches
  15 goblins
  6 hobgoblins
  2 jackals (D:2)
  4 frilled lizards
  6 kobolds
  6 rats
73 creatures vanquished.

Table legend: (Time is in decaauts)
 A = Elapsed time spent in this place.
 B = Non-inter-level travel time spent in this place.
 C = Inter-level travel time spent in this place.
 D = Time resting spent in this place.
 E = Time spent auto-exploring this place.
 F = Levels seen in this place.
 G = Mean time per level.
                   A        B        C        D        E       F      G
               +--------+--------+--------+--------+--------+-----+--------+
         Total |   2494 |   2430 |     64 |    326 |   1571 |   3 |  831.3 |
       Dungeon |   2494 |   2430 |     64 |    326 |   1571 |   3 |  831.3 |
               +--------+--------+--------+--------+--------+-----+--------+

Top non-repeatable levels by time:
     D:2: 952 daAuts
     D:1: 828 daAuts
     D:3: 713 daAuts

Table legend:
 A = Non-vault XP
 B = Vault XP
 C = Vault XP percentage of total XP
 D = Non-vault monster count
 E = Vault monster count
 F = Vault count percentage of total count
                 A         B        C        D         E       F
            +---------+---------+-------+---------+---------+-------
      Total |     328 |     273 |  45.4 |      60 |      13 |  17.8
            +---------+---------+-------+---------+---------+-------
        D:1 |      21 |       0 |   0.0 |      13 |       0 |   0.0
        D:2 |      66 |     273 |  80.5 |      18 |      13 |  41.9
        D:3 |     241 |       0 |   0.0 |      29 |       0 |   0.0
            +---------+---------+-------+---------+---------+-------
